 Dungeon Crawl Stone Soup version 0.31-a0-176-g91f28db67f (webtiles) character file.

Game seed: 17024702188544288660

196 qw the Shooter (level 5, -6/32 HPs)
             Began as a Gargoyle Hunter on June 17, 2023.
             Mangled by Menkaure (11 damage)
             ... on level 4 of the Dungeon.
             The game lasted 00:00:51 (2361 turns).

qw the Shooter (Gargoyle Hunter)                    Turns: 2361, Time: 00:00:51

Health: -6/32      AC: 12    Str: 14    XL:     5   Next: 75%
Magic:  5/5        EV: 10    Int: 10    God:
Gold:   142        SH:  0    Dex: 15    Spells: 4/4 levels left

rFire   . . .        Y - +0 orcbow
rCold   . . .        (shield currently unavailable)
rNeg    + . .        e - +0 ring mail
rPois   inf          d - +2 hat
rElec   +            c - +0 cloak
rCorr   .            (no gloves)
SInv    .            (no boots)
Will    .....        (no amulet)
Stlth   +            (no ring)
HPRegen 0.25/turn    (no ring)
MPRegen 0.09/turn

%: no passive effects
@: no status effects
A: sickness immunity, AC +4, negative energy resistance 1, electricity
resistance, torment resistance 1, petrification resistance
a: no special abilities


You were on level 4 of the Dungeon.
You visited 1 branch of the dungeon, and saw 4 of its levels.

You collected 142 gold pieces.


Innate Abilities, Weirdness & Mutations

You are immune to sickness and miasma.
Your stone body is resilient. (AC +4)
You are immune to poison.
You resist negative energy. (rN+)
You are resistant to electric shocks. (rElec)
You are resistant to unholy torment.
You are immune to petrification.


   Skills:
 + Level 3.0 Fighting
 - Level 6.4 Ranged Weapons
 - Level 1.0 Armour
 - Level 1.5 Dodging
 - Level 1.1 Stealth


You had 4 spell levels left.
You didn't know any spells.
Your spell library was empty.

Inventory:

Hand Weapons
 Y - a +0 orcbow (weapon)
Armour
 c - a +0 cloak (worn)
 d - a +2 hat (worn)
 e - a +0 ring mail (worn)
Scrolls
 b - a scroll of immolation {unknown}
 h - a scroll of identify
Potions
 a - a potion of haste {unknown}
 f - a potion of might {unknown}

Dungeon Overview and Level Annotations

Branches:
Dungeon (4/15)
 Temple: D:4-7

Altars:
Elyvilon
Makhleb
Ru
Trog
The Shining One

Annotations:
D:4 Menkaure


Message History

You shoot an arrow.
The arrow completely misses the kobold brigand.
The kobold brigand hits you but does no damage. x2
You shoot an arrow. The arrow hits the kobold brigand!
The kobold brigand is severely wounded.
The kobold brigand hits you but does no damage.
You shoot an arrow. The arrow hits the kobold brigand!
The kobold brigand is almost dead.
The kobold brigand hits you with a +0 dagger.
You shoot an arrow.
The arrow barely misses the kobold brigand.
The kobold brigand hits you but does no damage.
Menkaure hits you but does no damage.
The kobold brigand hits you but does no damage.
You shoot an arrow.
The arrow barely misses the kobold brigand.
Menkaure barely misses you. The kobold brigand barely misses you.
You shoot an arrow.
The arrow hits the kobold brigand but does no damage.
The kobold brigand is almost dead.
The kobold brigand hits you but does no damage.
Menkaure casts a spell.
Menkaure seems to speed up.
You shoot an arrow.
The arrow hits the kobold brigand but does no damage.
The kobold brigand is almost dead.
The kobold brigand barely misses you. Menkaure closely misses you.
The kobold brigand hits you but does no damage.
Menkaure barely misses you.
You shoot an arrow. The arrow hits the kobold brigand.
You kill the kobold brigand!
Menkaure hits you.
Your Ranged Weapons skill increases to level 6!
You shoot an arrow. The arrow hits Menkaure.
Menkaure is lightly damaged.
Menkaure's bandages flutter.
Menkaure hits you!!
Ouch! That really hurt!
Menkaure hits you!
You die...

..... ..# . ... .....
..# .# #.. ......#.###.
#.. ......#.#.. #..
......#... #.. ........)
#.. ......M.## ####.[
...<..)@.##########.....
....................##..
.##.#...#.############..
.. ###.#.### #### #.. .
#...... ..# ##. #.###..
#.####### #.#
#.###.....#.. #.#
#.<#......... ..
##...........


You could see Menkaure (fast).

Vanquished Creatures
  A kobold brigand (D:4)
  An orc priest (D:4)
  3 adders
  2 dart slugs (D:1)
  A worm (D:3)
  5 orcs
  8 endoplasms
  4 giant cockroaches
  6 hobgoblins
  2 quokkas
  6 ball pythons
  6 bats
  2 frilled lizards
  3 goblins
  4 kobolds
  5 rats
59 creatures vanquished.

Notes
Turn   | Place    | Note
-------+----------+-------------------------------------------
     0 | D:1      | qw the Gargoyle Hunter began the quest for the Orb.
     0 | D:1      | Reached XP level 1. HP: 12/12 MP: 1/1
     0 | D:1      | 0 ||| qw: Version: 0.3-a-5-g6f28e65
     0 | D:1      | 0 ||| qw: Game counter: 429
     0 | D:1      | 0 ||| qw: Always use a shield: true
     0 | D:1      | 0 ||| qw: God list: Okawaru
     0 | D:1      | 0 ||| qw: Allow faded altars: false
     0 | D:1      | 0 ||| qw: Do Orc after D:15 true
     0 | D:1      | 0 ||| qw: Do second Lair branch before Depths: true
     0 | D:1      | 0 ||| qw: Lair rune preference: random
     0 | D:1      | 0 ||| qw: Plans: Normal, Zot:1-4, Slime:5, God:TSO, Crypt,
                  | Tomb, Abyss, Pan, Hells, Win
     0 | D:1      | 0 ||| PLANNING D:1-11
   153 | D:1      | Reached XP level 2. HP: 17/17 MP: 2/2
   516 | D:1      | 516 ||| UPGRADING to +0 ring mail.
   526 | D:1      | 526 ||| DROPPING +0 leather armour.
   527 | D:1      | 527 ||| UPGRADING to +0 helmet.
   532 | D:1      | 532 ||| READING scroll labelled WELUNW IT FUC.
   533 | D:1      | 533 ||| READING scroll labelled WAFAIB RAMN.
   534 | D:1      | 534 ||| DROPPING scroll of butterflies.
   578 | D:2      | Found a bloodstained altar of Trog.
   728 | D:2      | Reached skill level 1 in Armour
   728 | D:2      | Reached XP level 3. HP: 21/21 MP: 3/3
   750 | D:2      | Reached skill level 5 in Ranged Weapons
   971 | D:2      | Reached XP level 4. HP: 27/27 MP: 4/4
  1057 | D:2      | Reached skill level 3 in Fighting
  1176 | D:2      | You fall into a shaft and drop 1 floor!
  1191 | D:3      | 1191 ||| UPGRADING to +0 cloak.
  1196 | D:3      | 1196 ||| UPGRADING to +2 hat.
  1206 | D:3      | 1206 ||| DROPPING +0 helmet.
  1207 | D:3      | 1207 ||| READING scroll labelled PESMEGR HUQIDE.
  1626 | D:3      | Found a glowing golden altar of the Shining One.
  1694 | D:3      | 1694 ||| SWAPPING to +0 orcbow.
  1695 | D:3      | 1695 ||| DROPPING +0 shortbow of freezing.
  1729 | D:3      | Found a sacrificial altar of Ru.
  1729 | D:3      | Found a burning altar of Makhleb.
  1729 | D:3      | Found a white marble altar of Elyvilon.
  2192 | D:3      | 2192 ||| READING scroll labelled MAYMAM DIOT.
  2193 | D:3      | 2193 ||| READING 2 scrolls of identify.
  2193 | D:3      | 2193 ||| IDENTIFYING white potion
  2194 | D:3      | 2194 ||| DROPPING potion of brilliance.
  2253 | D:4      | Reached XP level 5. HP: 18/32 MP: 5/5
  2340 | D:4      | Noticed a kobold brigand
  2345 | D:4      | Noticed Menkaure
  2360 | D:4      | Killed a kobold brigand
  2361 | D:4      | Reached skill level 6 in Ranged Weapons
  2361 | D:4      | HP: 5/32 [Menkaure (19)]
  2361 | D:4      | Mangled by Menkaure

Levels and vault maps discovered:
D:1:      dpeg_arrival_court, layout_basic, minmay_cupped
D:2:      layout_basic, basic_altar, minmay_box_of_dots
D:3:      layout_basic, mainiacjoe_overflow_catwalk,
          gammafunk_temple_overflow_forgotten
D:4:      layout_rooms, lemuel_doored_altar, kennysheep_okawaru_gauntlet,
          uniq_ijyb, uniq_duvessa, uniq_menkaure

Skill      XL: |  1  2  3  4  5 |
---------------+----------------+-----
Armour         | 1 |  1.0
Ranged Weapons | 5 6 |  6.4
Fighting       | 3 |  3.0
Dodging        | |  1.5
Stealth        | |  1.1

Action                     |  1- 3 |  4- 6 || total
---------------------------+-------+-------++-------
   Fire: Shortbow          |    81 |    29 ||   110
         Orcbow            |       |    76 ||    76
    Use: Scroll            |     2 |     3 ||     5
 Armour: Leather armour    |     1 |       ||     1
         Ring mail         |     6 |    40 ||    46
  Dodge: Dodged            |    15 |    34 ||    49

Table legend:
 A = Non-vault XP
 B = Vault XP
 C = Vault XP percentage of total XP
 D = Non-vault monster count
 E = Vault monster count
 F = Vault count percentage of total count
                 A         B        C        D         E       F
            +---------+---------+-------+---------+---------+-------
      Total |     260 |      21 |   7.5 |      54 |       5 |   8.5
            +---------+---------+-------+---------+---------+-------
        D:1 |      23 |       2 |   8.0 |      13 |       1 |   7.1
        D:2 |      42 |      19 |  31.1 |      19 |       4 |  17.4
        D:3 |      34 |       0 |   0.0 |      12 |       0 |   0.0
        D:4 |     161 |       0 |   0.0 |      10 |       0 |   0.0
            +---------+---------+-------+---------+---------+-------
